1957 views
Uploaded 2023-06-07 13:38:33
Game version 1.36 (6115)
24:57 long 2on2 ladder game on (4)LostTemple_S2
Saved by Cabeelibob
1957 views
Uploaded 2023-06-07 13:38:33
Game version 1.36 (6115)
24:57 long 2on2 ladder game on (4)LostTemple_S2


82 units @ 11.5k
/ 1.2k
48 buildings @ 7.8k
/ 3.9k
⇛
BurninLegion
(24:36) : 


| Potion of Healing | 1 | 150 |
| Healing Salve | 3 | 300 |
| Lesser Clarity Potion | 4 | 280 |
| Potion of Mana | 1 | 200 |
| Scroll of Town Portal | 1 | 350 |
| Potion of Lesser Invulnerability | 1 | 150 |
| total: | 11 | 1430g |
| Peon | 30 | 2250 | / | 0 |
| Grunt | 12 | 2400 | / | 0 |
| Troll Headhunter | 8 | 1120 | / | 160 |
| Demolisher | 6 | 1320 | / | 300 |
| Wind Rider | 8 | 2120 | / | 320 |
| Troll Batrider | 10 | 1600 | / | 400 |
| Raider | 1 | 180 | / | 40 |
| total: | 75 | 10990g | / | 1220w |
| Watch Tower | 14 | 1540 | / | 1120 |
| Altar of Storms | 1 | 180 | / | 50 |
| Orc Burrow | 8 | 1280 | / | 320 |
| Barracks | 2 | 360 | / | 100 |
| Voodoo Lounge | 3 | 390 | / | 90 |
| Great Hall | 4 | 1540 | / | 740 |
| War Mill | 2 | 410 | / | 0 |
| Beastiary | 8 | 1160 | / | 1120 |
| Tauren Totem | 1 | 135 | / | 155 |
| Stronghold | 2 | 630 | / | 380 |
| total: | 43 | 6995g | / | 3695w |
| 0:02 | Peon |
| 0:02 | Peon |
| 0:02 | Peon |
| 0:02 | Peon |
| 0:06 | Altar of Storms |
| 0:19 | Orc Burrow |
| 0:31 | Peon |
| 0:35 | Barracks |
| 0:47 | Peon |
| 1:01 | Peon |
| 1:21 | Orc Burrow |
| 1:22 | Peon |
| 1:34 | Peon |
| 1:34 | Peon |
| 1:39 | Grunt |
| 1:47 | Peon |
| 1:58 | Voodoo Lounge |
| 2:16 | Grunt |
| 2:18 | Endurance Aura |
| 2:52 | Grunt |
| 2:52 | Grunt |
| 3:22 | Great Hall |
| 3:26 | Grunt |
| 3:32 | War Mill |
| 3:35 | Orc Burrow |
| 3:49 | Peon |
| 3:53 | Grunt |
| 3:56 | Grunt |
| 4:10 | Shockwave |
| 4:25 | Grunt |
| 4:45 | Grunt |
| 4:45 | Grunt |
| 4:46 | Stronghold |
| 4:51 | Feral Spirit |
| 5:05 | Grunt |
| 5:05 | Troll Headhunter |
| 5:06 | Troll Headhunter |
| 5:06 | Troll Headhunter |
| 5:18 | Troll Headhunter |
| 5:18 | Troll Headhunter |
| 5:34 | War Mill |
| 5:36 | Orc Burrow |
| 5:42 | Pillage |
| 5:45 | Grunt |
| 5:50 | Peon |
| 5:50 | Peon |
| 5:50 | Peon |
| 5:52 | Troll Headhunter |
| 5:56 | Peon |
| 6:31 | Troll Headhunter |
| 6:31 | Troll Headhunter |
| 7:01 | Shockwave |
| 7:01 | Shockwave |
| 7:02 | Shockwave |
| 7:02 | Shockwave |
| 7:18 | Peon |
| 7:19 | Peon |
| 7:22 | Demolisher |
| 7:24 | Barracks |
| 7:25 | Beastiary |
| 7:27 | Beastiary |
| 7:29 | Potion of Healing |
| 7:30 | Healing Salve |
| 7:30 | Lesser Clarity Potion |
| 7:32 | Scroll of Town Portal |
| 7:54 | Orc Burrow |
| 7:56 | Orc Burrow |
| 7:58 | Steel Armor |
| 7:58 | Steel Melee Weapons |
| 8:25 | Shockwave |
| 8:37 | Watch Tower |
| 8:38 | Watch Tower |
| 8:38 | Watch Tower |
| 8:39 | Watch Tower |
| 8:39 | Watch Tower |
| 8:56 | Demolisher |
| 8:59 | Peon |
| 8:59 | Peon |
| 8:59 | Peon |
| 8:59 | Peon |
| 8:59 | Peon |
| 9:35 | Demolisher |
| 9:57 | Hex |
| 10:02 | Orc Burrow |
| 10:03 | Orc Burrow |
| 10:05 | Lesser Clarity Potion |
| 10:05 | Healing Salve |
| 10:21 | Demolisher |
| 10:31 | Stronghold |
| 11:29 | Watch Tower |
| 11:33 | Wind Rider |
| 12:05 | Feral Spirit |
| 12:33 | Watch Tower |
| 12:48 | Troll Batrider |
| 12:50 | Peon |
| 12:50 | Peon |
| 12:50 | Peon |
| 12:50 | Peon |
| 12:54 | Watch Tower |
| 12:55 | Watch Tower |
| 12:57 | Beastiary |
| 12:59 | Beastiary |
| 13:01 | Reinforced Defenses |
| 13:03 | Watch Tower |
| 13:03 | Watch Tower |
| 15:17 | Wind Rider |
| 15:22 | Demolisher |
| 15:24 | Wind Rider |
| 15:30 | Great Hall |
| 15:43 | Demolisher |
| 16:09 | Troll Batrider |
| 16:26 | Lesser Clarity Potion |
| 16:26 | Potion of Mana |
| 16:27 | Healing Salve |
| 16:38 | Watch Tower |
| 16:39 | Watch Tower |
| 16:40 | Watch Tower |
| 17:12 | Troll Batrider |
| 17:33 | Chain Lighting |
| 17:35 | Endurance Aura |
| 17:38 | Potion of Lesser Invulnerability |
| 17:44 | Great Hall |
| 19:40 | Raider |
| 19:40 | Ensnare |
| 19:42 | Tauren Totem |
| 20:22 | Peon |
| 20:23 | Peon |
| 20:23 | Peon |
| 20:25 | Wind Rider |
| 20:25 | Wind Rider |
| 20:26 | Wind Rider |
| 20:26 | Wind Rider |
| 20:26 | Wind Rider |
| 20:31 | Voodoo Lounge |
| 20:33 | Voodoo Lounge |
| 21:34 | Lesser Clarity Potion |
| 22:42 | Troll Batrider |
| 22:47 | Troll Batrider |
| 23:15 | Beastiary |
| 23:16 | Beastiary |
| 23:48 | Troll Batrider |
| 23:48 | Troll Batrider |
| 23:48 | Troll Batrider |
| 23:49 | Troll Batrider |
| 23:54 | Beastiary |
| 23:55 | Beastiary |
| 24:08 | Great Hall |
| 24:22 | Troll Batrider |
| Right click | 2049 |
| Select | 1028 |
| Select group | 791 |
| Build/train/purchase | 217 |
| Misc. action | 71 |
| Assign group | 56 |
| Chat | 55 |
| Use ability | 47 |
| Resource trade | 20 |
| Esc | 11 |

| Lesser Clarity Potion | 1 | 70 |
| Scroll of Speed | 1 | 50 |
| Healing Salve | 1 | 100 |
| total: | 3 | 220g |
| Peon | 7 | 525 | / | 0 |
| total: | 7 | 525g | / | 0w |
| Altar of Storms | 1 | 180 | / | 50 |
| Orc Burrow | 2 | 320 | / | 80 |
| Voodoo Lounge | 1 | 130 | / | 30 |
| Barracks | 1 | 180 | / | 50 |
| total: | 5 | 810g | / | 210w |
| 0:01 | Peon |
| 0:02 | Peon |
| 0:02 | Peon |
| 0:06 | Altar of Storms |
| 0:16 | Orc Burrow |
| 0:20 | Peon |
| 0:40 | Peon |
| 1:03 | Voodoo Lounge |
| 1:14 | Peon |
| 1:19 | Barracks |
| 1:32 | Peon |
| 1:48 | Orc Burrow |
| 2:07 | Far Sight |
| 2:07 | Lesser Clarity Potion |
| 2:07 | Scroll of Speed |
| 2:08 | Healing Salve |
| Select | 122 |
| Select group | 96 |
| Right click | 72 |
| Build/train/purchase | 14 |
| Assign group | 6 |
| Misc. action | 1 |
| Esc | 1 |
59 units @ 5.6k
/ 0.7k
98 buildings @ 8.2k
/ 3.7k


| Peasant | 15 | 1125 | / | 0 |
| Mortar Team | 4 | 720 | / | 280 |
| Flying Machine | 11 | 1100 | / | 330 |
| Dragonhawk Rider | 3 | 600 | / | 90 |
| total: | 33 | 3545g | / | 700w |
| Scout Tower | 30 | 900 | / | 600 |
| Arcane Tower | 6 | 420 | / | 300 |
| Guard Tower | 13 | 910 | / | 650 |
| Altar of Kings | 1 | 180 | / | 50 |
| Farm | 16 | 1280 | / | 320 |
| Lumber Mill | 2 | 240 | / | 0 |
| Town Hall | 3 | 1155 | / | 615 |
| Blacksmith | 2 | 280 | / | 120 |
| Arcane Vault | 1 | 130 | / | 30 |
| Workshop | 3 | 420 | / | 420 |
| Gryphon Aviary | 2 | 280 | / | 300 |
| Keep | 1 | 320 | / | 210 |
| Castle | 1 | 360 | / | 210 |
| total: | 60 | 4865g | / | 2455w |
| 0:04 | Altar of Kings |
| 0:08 | Farm |
| 0:09 | Peasant |
| 0:25 | Peasant |
| 0:41 | Peasant |
| 0:47 | Lumber Mill |
| 0:58 | Peasant |
| 1:06 | Farm |
| 1:26 | Peasant |
| 1:30 | Scout Tower |
| 1:46 | Peasant |
| 1:49 | Peasant |
| 1:59 | Improved Lumber Harvesting |
| 2:00 | Improved Masonry |
| 2:06 | Storm Bolt |
| 2:39 | Arcane Tower |
| 2:41 | Farm |
| 2:42 | Peasant |
| 2:42 | Peasant |
| 3:01 | Peasant |
| 3:01 | Peasant |
| 3:01 | Peasant |
| 3:09 | Scout Tower |
| 3:22 | Scout Tower |
| 3:23 | Scout Tower |
| 3:23 | Scout Tower |
| 3:35 | Peasant |
| 3:43 | Guard Tower |
| 3:49 | Scout Tower |
| 3:50 | Scout Tower |
| 3:54 | Scout Tower |
| 4:00 | Arcane Tower |
| 4:03 | Scout Tower |
| 4:03 | Scout Tower |
| 4:05 | Scout Tower |
| 4:05 | Scout Tower |
| 4:06 | Scout Tower |
| 4:13 | Arcane Tower |
| 4:21 | Peasant |
| 4:21 | Peasant |
| 4:32 | Guard Tower |
| 4:34 | Guard Tower |
| 4:37 | Scout Tower |
| 4:37 | Scout Tower |
| 5:23 | Arcane Tower |
| 5:24 | Guard Tower |
| 5:27 | Scout Tower |
| 5:27 | Scout Tower |
| 5:44 | Scout Tower |
| 5:45 | Scout Tower |
| 5:56 | Keep |
| 6:00 | Guard Tower |
| 6:12 | Scout Tower |
| 6:13 | Scout Tower |
| 6:24 | Guard Tower |
| 6:25 | Guard Tower |
| 6:48 | Guard Tower |
| 7:06 | Guard Tower |
| 7:10 | Town Hall |
| 7:22 | Scout Tower |
| 7:35 | Scout Tower |
| 7:55 | Blacksmith |
| 7:58 | Farm |
| 8:32 | Guard Tower |
| 8:34 | Castle |
| 8:35 | Advanced Masonry |
| 8:40 | Blacksmith |
| 8:45 | Scout Tower |
| 8:53 | Farm |
| 9:12 | Guard Tower |
| 9:20 | Guard Tower |
| 9:39 | Scout Tower |
| 9:50 | Workshop |
| 9:54 | Workshop |
| 9:57 | Black Gunpowder |
| 10:04 | Workshop |
| 10:25 | Guard Tower |
| 10:28 | Scout Tower |
| 10:29 | Scout Tower |
| 10:29 | Scout Tower |
| 10:30 | Scout Tower |
| 10:31 | Scout Tower |
| 11:13 | Fragmentation Shards |
| 11:13 | Flying Machine Bombs |
| 11:16 | Refined Gunpowder |
| 11:18 | Lumber Mill |
| 11:21 | Farm |
| 11:26 | Imbued Masonry |
| 11:38 | Flak Cannons |
| 11:50 | Arcane Tower |
| 11:51 | Arcane Tower |
| 12:00 | Farm |
| 12:07 | Flare |
| 12:09 | Mortar Team |
| 12:10 | Mortar Team |
| 12:12 | Mortar Team |
| 12:28 | Gryphon Aviary |
| 12:32 | Gryphon Aviary |
| 12:37 | Imbued Gunpowder |
| 12:42 | Holy Light |
| 13:13 | Farm |
| 13:38 | Flying Machine |
| 13:42 | Mortar Team |
| 13:51 | Arcane Vault |
| 14:15 | Cloud |
| 14:37 | Iron Plating |
| 15:22 | Farm |
| 15:30 | Farm |
| 15:33 | Farm |
| 16:09 | Farm |
| 16:11 | Farm |
| 16:25 | Town Hall |
| 16:37 | Town Hall |
| 16:53 | Farm |
| 18:29 | Farm |
| 18:31 | Farm |
| 18:56 | Flying Machine |
| 18:56 | Flying Machine |
| 18:57 | Flying Machine |
| 18:57 | Flying Machine |
| 18:57 | Flying Machine |
| 18:57 | Flying Machine |
| 18:57 | Flying Machine |
| 19:01 | Dragonhawk Rider |
| 19:01 | Dragonhawk Rider |
| 19:01 | Dragonhawk Rider |
| 19:55 | Flying Machine |
| 19:55 | Flying Machine |
| 19:56 | Flying Machine |
| Right click | 494 |
| Select group | 257 |
| Select | 243 |
| Build/train/purchase | 81 |
| Misc. action | 17 |
| Assign group | 13 |
| Use ability | 7 |
| Esc | 6 |
| Chat | 6 |
| Resource trade | 4 |
| Remove unit | 1 |



| Orb of Fire | 2 | 650 |
| Staff of Sanctuary | 2 | 500 |
| total: | 4 | 1150g |
| Peasant | 24 | 1800 | / | 0 |
| Footman | 2 | 270 | / | 0 |
| total: | 26 | 2070g | / | 0w |
| Scout Tower | 17 | 510 | / | 340 |
| Arcane Tower | 1 | 70 | / | 50 |
| Guard Tower | 13 | 910 | / | 650 |
| Altar of Kings | 2 | 360 | / | 100 |
| Farm | 11 | 880 | / | 220 |
| Barracks | 1 | 160 | / | 60 |
| Lumber Mill | 2 | 240 | / | 0 |
| Town Hall | 2 | 770 | / | 410 |
| Blacksmith | 1 | 140 | / | 60 |
| Arcane Vault | 2 | 260 | / | 60 |
| Keep | 2 | 640 | / | 420 |
| Castle | 1 | 360 | / | 210 |
| total: | 38 | 3320g | / | 1250w |
| 0:02 | Peasant |
| 0:03 | Peasant |
| 0:14 | Altar of Kings |
| 0:19 | Farm |
| 0:22 | Barracks |
| 0:23 | Peasant |
| 0:35 | Peasant |
| 0:50 | Peasant |
| 1:05 | Farm |
| 1:09 | Farm |
| 1:12 | Peasant |
| 1:21 | Peasant |
| 1:26 | Footman |
| 1:41 | Farm |
| 1:42 | Footman |
| 1:47 | Peasant |
| 1:51 | Scout Tower |
| 1:57 | Peasant |
| 2:15 | Storm Bolt |
| 2:36 | Peasant |
| 2:37 | Arcane Tower |
| 3:02 | Lumber Mill |
| 3:03 | Peasant |
| 3:16 | Bash |
| 3:32 | Town Hall |
| 3:37 | Scout Tower |
| 3:41 | Scout Tower |
| 3:46 | Peasant |
| 3:46 | Peasant |
| 4:15 | Peasant |
| 4:18 | Scout Tower |
| 4:34 | Guard Tower |
| 4:39 | Scout Tower |
| 4:40 | Scout Tower |
| 4:41 | Peasant |
| 4:41 | Peasant |
| 4:50 | Guard Tower |
| 4:50 | Scout Tower |
| 4:53 | Peasant |
| 5:12 | Guard Tower |
| 5:14 | Scout Tower |
| 5:28 | Keep |
| 5:29 | Guard Tower |
| 5:31 | Scout Tower |
| 5:32 | Scout Tower |
| 5:48 | Bash |
| 5:57 | Guard Tower |
| 6:22 | Guard Tower |
| 6:23 | Scout Tower |
| 6:24 | Scout Tower |
| 6:28 | Guard Tower |
| 7:08 | Town Hall |
| 7:10 | Peasant |
| 7:10 | Peasant |
| 7:12 | Guard Tower |
| 7:13 | Scout Tower |
| 7:28 | Peasant |
| 7:29 | Peasant |
| 7:29 | Peasant |
| 7:34 | Guard Tower |
| 7:35 | Improved Lumber Harvesting |
| 7:35 | Improved Masonry |
| 8:16 | Storm Bolt |
| 8:29 | Guard Tower |
| 8:30 | Scout Tower |
| 8:32 | Scout Tower |
| 8:38 | Scout Tower |
| 8:40 | Scout Tower |
| 8:47 | Peasant |
| 8:47 | Peasant |
| 8:58 | Guard Tower |
| 9:02 | Guard Tower |
| 9:31 | Blacksmith |
| 9:36 | Guard Tower |
| 9:37 | Keep |
| 10:21 | Black Gunpowder |
| 11:26 | Altar of Kings |
| 11:30 | Farm |
| 11:31 | Farm |
| 12:09 | Castle |
| 12:26 | Lumber Mill |
| 12:43 | Farm |
| 12:44 | Farm |
| 12:44 | Farm |
| 13:19 | Farm |
| 13:20 | Farm |
| 15:26 | Advanced Lumber Harvesting |
| 15:26 | Advanced Masonry |
| 15:58 | Storm Bolt |
| 16:11 | Holy Light |
| 19:26 | Divine Shield |
| 20:29 | Arcane Vault |
| 20:31 | Arcane Vault |
| 20:34 | Brilliance Aura |
| 22:26 | Bash |
| 22:27 | Holy Light |
| 22:29 | Bash |
| 22:31 | Divine Shield |
| 22:59 | Orb of Fire |
| 23:03 | Orb of Fire |
| 23:08 | Staff of Sanctuary |
| 23:09 | Staff of Sanctuary |
| 23:53 | Holy Light |
| Right click | 1221 |
| Select group | 380 |
| Select | 294 |
| Misc. action | 95 |
| Build/train/purchase | 72 |
| Use ability | 63 |
| Resource trade | 45 |
| Assign group | 13 |
| Chat | 6 |
| Minimap ping | 5 |
| Item give/drop | 3 |